 Dungeon Crawl Stone Soup version 0.27-a0-695-gb4952372f7 (webtiles) character file.

Game seed: 16032339169386500789

4730 Gaff the Slinger (level 10, -3/96 HPs)
             Began as a Halfling Hunter on Mar 22, 2021.
             Was a Priest of Yredelemnul.
             Slain by a death yak (20 damage)
             ... on level 12 of the Dungeon.
             The game lasted 01:05:47 (17093 turns).

Gaff the Slinger (Halfling Hunter)                 Turns: 17093, Time: 01:05:48

Health: -3/96      AC: 12    Str: 16    XL:     10   Next: 74%
Magic:  15/15      EV: 18    Int:  9    God:    Yredelemnul [***...]
Gold:   1758       SH:  0    Dex: 16    Spells: 9/9 levels left

rFire    . . .     SeeInvis .   b - +0 short sword
rCold    . . .     Faith    +   (shield restricted)
rNeg     . . .     Spirit   .   o - +3 scale mail {rPois}
rPois    +         Reflect  .   (no helmet)
rElec    .         Harm     .   B - +0 cloak
rCorr    .         Rampage  .   (no gloves)
Will     .....                  (no boots)
Stlth    ..........             Q - amulet of faith
HPRegen  0.26/turn              h - +4 ring of evasion
MPRegen  0.14/turn              t - +4 ring of slaying

@: berserking, very quick
A: small, no large weapons, mutation resistance 1
a: Renounce Religion, Recall Undead Slaves, Injury Mirror, Animate Dead


You were on level 12 of the Dungeon.
You worshipped Yredelemnul.
Yredelemnul was most pleased with you.
You visited 2 branches of the dungeon, and saw 13 of its levels.
You also visited: Ossuary and Bailey.

You collected 1758 gold pieces.

Inventory:

Hand Weapons
 a - a +2 hunting sling
 b - a +0 short sword (weapon)
 l - a +2 vorpal mace
 p - a +3 hand axe
 H - a +4 hand axe
 P - a +0 hand axe of freezing
Missiles
 d - 67 sling bullets
 f - 194 stones (quivered)
 u - 6 silver boomerangs
 v - 13 poisoned darts
 N - 45 boomerangs
 R - 6 curare-tipped darts
Armour
 c - a +0 leather armour
 o - a +3 scale mail of poison resistance (worn)
 B - a +0 cloak (worn)
Magical Staves
 M - a staff of death
Jewellery
 h - a +4 ring of evasion (right hand)
 q - a ring of protection from cold
 t - a +4 ring of slaying (left hand)
 C - a ring of protection from fire
 L - a ring of flight
 Q - an amulet of faith (around neck)
Wands
 y - a wand of polymorph (10)
 T - a wand of mindburst (5)
 X - a wand of random effects (27)
 Y - a wand of iceblast (14)
Scrolls
 e - 5 scrolls of immolation
 i - a scroll of acquirement {unknown}
 j - a scroll of vulnerability
 k - 5 scrolls of teleportation
 m - 2 scrolls of enchant weapon
 n - 3 scrolls of amnesia
 s - 3 scrolls of blinking
 w - a scroll of fear
 J - a scroll of summoning {unknown}
 K - a scroll of fog
 S - a scroll of enchant armour
Potions
 g - a potion of mutation {unknown}
 r - 3 potions of might {unknown}
 x - 6 potions of flight
 z - 7 potions of curing
 A - 3 potions of lignification
 G - 3 potions of haste
 I - 4 potions of attraction
Miscellaneous
 Z - a box of beasts


   Skills:
 + Level 4.3 Fighting
 - Level 13.4 Slings
 + Level 7.6 Armour
 + Level 4.6 Dodging
 - Level 3.6 Stealth
 + Level 7.3 Invocations
 + Level 2.0 Evocations


You had 9 spell levels left.
You didn't know any spells.
Your spell library contained the following spells:

 Spells                   Type           Power      Damage    Failure   Level
 Animate Skeleton         Necr           0%         N/A       77%         1
 Apportation              Tloc           0%         N/A       77%         1
 Corona                   Hex            0%         N/A       77%         1
 Summon Small Mammal      Summ           0%         N/A       77%         1
 Ensorcelled Hibernation  Hex/Ice        0%         N/A       88%         2
 Confusing Touch          Hex            0%         N/A       98%         3
 Dazzling Flash           Conj/Hex       0%         N/A       98%         3
 Tukima's Dance           Hex            0%         N/A       98%         3


Dungeon Overview and Level Annotations

Branches:
Dungeon (12/15)            Temple (0/1) D:5            Lair (0/6) D:11
    Orc (1/2) D:9         Ossuary (visited)          Bailey (visited)

Altars:
Cheibriados
Elyvilon
Fedhas
Hepliaklqana
Kikubaaqudgha
Nemelex Xobeh
Okawaru
Ru
Vehumet
Wu Jian
Xom
Yredelemnul
Zin
The Shining One
Beogh


Innate Abilities, Weirdness & Mutations

You are small and have problems with some larger weapons.
You are somewhat resistant to further mutation.


Message History

The death yak snorts and paws the ground.
You see here 5 large rocks.
There is a stone staircase leading up here.
There is a stone staircase leading down here.
You climb downwards.
A wight comes into view. It is wielding a +2 great sword.
Found a leather armour.
Found a stone staircase leading down.
There is a stone staircase leading up here.
The death yak gores you.
You hit the death yak.
The death yak is lightly wounded.
The death yak barely misses you.
You hit the death yak.
The death yak is lightly wounded.
The death yak barely misses you.
You hit the death yak.
The death yak is lightly wounded.
The death yak gores you but does no damage.
You barely miss the death yak.
The death yak is lightly wounded.
The death yak closely misses you.
You hit the death yak but do no damage.
The death yak is lightly wounded.
The death yak closely misses you.
You hit the death yak.
The death yak is lightly wounded.
The death yak gores you!!
* * * LOW HITPOINT WARNING * * *
A red film seems to cover your vision as you go berserk!
You feel yourself moving faster!
You feel mighty! The death yak gores you!
* * * LOW HITPOINT WARNING * * *
You barely miss the death yak.
The death yak is lightly wounded.
The death yak barely misses you.
Unknown command.
You hit the death yak but do no damage.
The death yak is lightly wounded.
The death yak gores you!!
You die...
Your body rises from the dead as a mindless zombie.

... ... z###.##..
... ......># ....
#..#..# .....
#....##...[. ####
#####...#......
.....
...............
......######z<...#
#..@Yz.#.###.#
######...# #####


You could see a death yak and a wight.

Vanquished Creatures
  A cyclops (D:11)
  Sigmund (D:6)
  A water moccasin (D:9)
  4 orc warriors
  An ice beast (D:5)
  A black bear (D:7)
  A sky beast (D:7)
  2 ogres
  A centaur (D:5)
  2 phantoms
  A bullfrog (D:6)
  A gnoll sergeant (D:9)
  3 water moccasin zombies (Ossuary)
  3 wights (D:6)
  2 bullfrog skeletons
  A centaur skeleton (D:7)
  4 orc priests
  6 hounds
  An iguana (D:10)
  Terence (D:1)
  4 worker ants
  Natasha (thrice) (D:2 D:3)
  4 orc wizards
  2 hound zombies (D:5)
  2 mummies (Ossuary)
  7 gnolls
  16 adders
  3 shadow imps
  A white imp (D:6)
  2 oozes
  7 adder zombies
  4 worms
  3 dart slugs
  4 leopard geckos
  36 orcs
  5 giant cockroaches
  11 goblins
  9 hobgoblins
  4 jackals
  19 kobolds
  2 quokkas
  A ball python (D:2)
  10 bats
  8 frilled lizards
  3 gnoll zombies (Ossuary)
  2 hobgoblin zombies (Ossuary)
  10 kobold zombies (Ossuary)
  4 orc zombies (Ossuary)
  A quokka skeleton (D:5)
  7 rats
  2 rat zombies (D:7)
  A spectral orc (D:2)
  A worker ant zombie (D:5)
236 creatures vanquished.

Vanquished Creatures (collateral kills)
  A two-headed ogre (D:11)
  Maurice (D:8)
  A yak (D:11)
  2 wargs (D:9)
  An ice beast (D:9)
  2 orc warriors (D:9)
  A necrophage (D:10)
  A phantom (D:8)
  A bullfrog (D:6)
  A scorpion (D:4)
  A centaur zombie (D:10)
  2 hounds
  A jelly (D:10)
  2 orc wizards (D:9)
  A worker ant (D:3)
  3 adders
  A gnoll (D:8)
  A white imp (D:9)
  An adder zombie (D:10)
  2 adder skeletons
  2 leopard geckos
  10 orcs
  A bat (D:3)
  2 goblins
  2 hobgoblins (D:3)
  A jackal (D:10)
  A quokka (D:9)
  A kobold (Bailey)
47 creatures vanquished.

Vanquished Creatures (others)
  2 wraiths
  2 wights
  An orc wizard (D:5)
  A mummy (Bailey)
  A two-headed ogre zombie (D:11)
  A bullfrog zombie (D:6)
  A hound zombie (D:9)
  A water moccasin zombie (D:9)
  A cyclops zombie (D:11)
  An ogre zombie (D:6)
  An adder skeleton (D:3)
  3 adder zombies
  A centaur zombie (D:5)
  A frilled lizard (D:2)
  A giant cockroach zombie (D:5)
  5 gnoll zombies
  A goblin skeleton (Bailey)
  A goblin zombie (Bailey)
  A jackal zombie (D:10)
  5 kobold zombies (Bailey)
  A leopard gecko zombie (D:3)
  A necrophage skeleton (D:10)
  An orc skeleton (D:9)
  17 orc zombies
  A scorpion zombie (D:4)
  A warg zombie (D:9)
54 creatures vanquished.

Grand Total: 337 creatures vanquished

Notes
Turn   | Place    | Note
-------+----------+-------------------------------------------
     0 | D:1      | Gaff the Halfling Hunter began the quest for the Orb.
     0 | D:1      | Reached XP level 1. HP: 14/14 MP: 1/1
   470 | D:1      | Reached skill level 6 in Slings
   608 | D:1      | Reached XP level 2. HP: 19/19 MP: 2/2
  1144 | D:1      | Reached XP level 3. HP: 23/24 MP: 3/3
  1667 | D:2      | Noticed Natasha
  1751 | D:2      | Reached skill level 7 in Slings
  1825 | D:2      | Reached XP level 4. HP: 22/29 MP: 4/4
  1937 | D:2      | Found a basalt altar of Yredelemnul.
  1954 | D:2      | Became a worshipper of Yredelemnul the Dark
  2098 | D:2      | Killed Natasha
  2099 | D:2      | Reached XP level 5. HP: 16/34 MP: 5/5
  2305 | D:2      | Reached skill level 8 in Slings
  2427 | D:2      | Noticed Natasha
  2544 | D:3      | Killed Natasha
  2911 | D:2      | Found a radiant altar of Vehumet.
  2918 | D:2      | Noticed Terence
  3364 | D:1      | Killed Terence
  3581 | D:2      | Reached XP level 6. HP: 34/39 MP: 6/6
  3822 | D:2      | Found a sacrificial altar of Ru.
  3932 | D:2      | Reached skill level 9 in Slings
  3963 | D:2      | Reached * piety under Yredelemnul
  3997 | D:2      | Reached skill level 1 in Armour
  4474 | D:3      | Noticed Natasha
  4485 | D:3      | Killed Natasha
  4884 | D:3      | Reached skill level 1 in Invocations
  4943 | D:3      | Found a faded altar of an unknown god.
  5084 | D:3      | Reached XP level 7. HP: 43/44 MP: 7/7
  5242 | D:3      | Found a white marble altar of Elyvilon.
  5357 | D:3      | Found a shimmering altar of Xom.
  5666 | D:4      | Reached ** piety under Yredelemnul
  5738 | D:4      | Found a hazy altar of Hepliaklqana.
  6191 | D:4      | Found a glowing silver altar of Zin.
  6198 | D:4      | Reached skill level 10 in Slings
  6336 | D:5      | Entered Level 5 of the Dungeon
  6654 | D:5      | Reached XP level 8. HP: 47/49 MP: 9/9
  6716 | D:5      | Found a staircase to the Ecumenical Temple.
  7305 | D:5      | Reached skill level 11 in Slings
  8041 | D:6      | Reached skill level 12 in Slings
  8041 | D:6      | Noticed Sigmund
  8085 | D:6      | Killed Sigmund
  8086 | D:6      | Reached XP level 9. HP: 31/54 MP: 12/12
  8252 | D:6      | Found a snail-covered altar of Cheibriados.
  8422 | D:6      | Reached skill level 5 in Armour
  8541 | D:6      | Found an ancient bone altar of Kikubaaqudgha.
  8702 | D:6      | Found a sparkling altar of Nemelex Xobeh.
  8947 | D:6      | Reached skill level 5 in Invocations
  9099 | D:6      | Reached *** piety under Yredelemnul
  9282 | D:7      | Found a sand-covered staircase.
  9309 | Ossuary  | Entered an ossuary
  9441 | Ossuary  | Reached skill level 13 in Slings
 10009 | D:7      | Received a gift from Yredelemnul (a wight)
 10132 | D:7      | Found a glowing golden altar of the Shining One.
 10312 | D:8      | Found an ornate altar of the Wu Jian Council.
 10369 | D:8      | Found a flagged portal.
 10385 | Bailey   | Entered a bailey
 10395 | Bailey   | Received a gift from Yredelemnul (a mummy)
 10467 | Bailey   | Received a gift from Yredelemnul (a wraith)
 11125 | Bailey   | Reached **** piety under Yredelemnul
 11851 | D:8      | Noticed Maurice
 12177 | D:8      | Killed Maurice
 12178 | D:8      | Reached XP level 10. HP: 60/63 MP: 11/14
 12885 | D:9      | Received a gift from Yredelemnul (a wight)
 12926 | D:9      | HP: 1/63 [warg (13)]
 13298 | D:9      | Found a staircase to the Orcish Mines.
 13650 | D:9      | Found a blossoming altar of Fedhas.
 14126 | D:10     | Entered Level 10 of the Dungeon
 15678 | Orc:1    | Entered Level 1 of the Orcish Mines
 15678 | Orc:1    | Noticed an orc knight
 15696 | D:9      | Received a gift from Yredelemnul (a wraith)
 16113 | D:10     | Found an iron altar of Okawaru.
 16695 | D:11     | Noticed a cyclops
 16740 | D:11     | Killed a cyclops
 16741 | D:11     | Reached skill level 1 in Evocations
 16972 | D:11     | Noticed a two-headed ogre
 17039 | D:11     | Found a staircase to the Lair.
 17039 | D:11     | Noticed a death yak
 17039 | D:11     | Noticed a death yak
 17039 | D:11     | Noticed a death yak
 17042 | D:11     | Killed a two-headed ogre
 17093 | D:12     | Slain by a death yak

Illustrated notes

Levels and vault maps discovered:
D:1:      dpeg_arrival_chambers_temple_mockup, layout_basic
D:2:      layout_rooms, lemuel_round_altar, vehumet_crystals,
          yredelemnul_forgotten_temple_becter, minmay_ruptured, uniq_terence,
          uniq_natasha
D:3:      layout_basic, old_standard_altar, elyvilon_altar_3,
          chequers_ecumenical_altar_island
D:4:      layout_basic, nicolae_hepliaklqana_hippocampus, marbit_many_paths,
          kennysheep_flooded_box, amcnicky_mini_corridor_feature,
          kennysheep_generic_room_15
D:5:      layout_loops_ring, minmay_temple_entry_waves
D:6:      layout_basic, lemuel_crystal_altar, kiku_gazebo_pond_becter,
          old_standard_altar, chequers_jeans, uniq_sigmund
D:7:      layout_rooms, general_overflow_altar, enter_ossuary_4, minivault_22
D:8:      layout_loops_ring, nicolae_wu_jian_wuxing_cycle, enter_bailey_2,
          uniq_maurice
D:9:      layout_loops_corners, erik_orc_4, grunt_ministairs_8, fedhas_altar_4
D:10:     layout_irregular_city, ebering_ghost_gozag, okawaru_trees_1
D:11:     layout_basic, dpeg_lair_monsters
D:12:     layout_rooms, minmay_statue_bubble
Orc:1:    layout_caves, basic_altar, rock_pile

Skill      XL: |  1  2  3  4  5  6  7  8  9 10 |
---------------+-------------------------------+-----
Slings         | 6 7 8 9 10 12 13 | 13.4
Stealth        | 2 3 |  3.6
Armour         | 1 3 4 6 7 |  7.6
Invocations    | 1 2 4 6 7 |  7.3
Fighting       | 3 4 |  4.3
Dodging        | 4 |  4.6
Evocations     | 2 |  2.0

Action                   |  1- 3 |  4- 6 |  7- 9 | 10-12 || total
-------------------------+-------+-------+-------+-------++-------
Melee: Short sword       |   142 |   237 |   391 |   157 ||   927
       Hand axe          |       |       |     1 |       ||     1
 Fire: Hunting sling     |     4 |    87 |   228 |    85 ||   404
Throw: Stone             |       |     1 |     1 |     9 ||    11
Invok: Animate Remains   |       |     5 |    24 |       ||    29
       Recall Undead Sla |       |       |     5 |     1 ||     6
       Animate Dead      |       |       |     9 |    24 ||    33
       Injury Mirror     |       |       |       |     2 ||     2
 Abil: Evoke Flight      |       |       |    11 |       ||    11
  Use: Scroll            |       |     2 |    14 |     3 ||    19
       Potion            |       |     1 |       |     3 ||     4
 Stab: Sleeping          |     3 |       |       |     1 ||     4
       Distracted        |       |       |     1 |     1 ||     2
Armor: Leather armour    |    17 |     9 |       |       ||    26
       Scale mail        |       |    66 |   108 |   172 ||   346
Dodge: Dodged            |   148 |   286 |   277 |   170 ||   881

Table legend: (Time is in decaauts)
 A = Elapsed time spent in this place.
 B = Non-inter-level travel time spent in this place.
 C = Inter-level travel time spent in this place.
 D = Time resting spent in this place.
 E = Time spent auto-exploring this place.
 F = Levels seen in this place.
 G = Mean time per level.
                   A        B        C        D        E       F      G
               +--------+--------+--------+--------+--------+-----+--------+
         Total |  17048 |  16417 |    631 |   6263 |   4446 |  15 | 1136.5 |
       Dungeon |  15333 |  14702 |    631 |   5643 |   4285 |  12 | 1277.8 |
  Orcish Mines |     17 |     17 |      0 |      0 |      0 |   1 |   17.0 |
       Ossuary |    516 |    516 |      0 |    226 |      0 |   1 |  516.0 |
        Bailey |   1181 |   1181 |      0 |    394 |    161 |   1 | 1181.0 |
               +--------+--------+--------+--------+--------+-----+--------+

Top non-repeatable levels by time:
     D:9: 3698 daAuts
     D:1: 2291 daAuts
     D:2: 1645 daAuts
     D:3: 1581 daAuts
     D:5: 1397 daAuts
     D:4: 1223 daAuts
  Bailey: 1181 daAuts
     D:6: 1106 daAuts
     D:8: 1027 daAuts
 Ossuary: 516 daAuts
    D:10: 505 daAuts
     D:7: 475 daAuts
    D:11: 365 daAuts
   Orc:1: 17 daAuts
    D:12: 15 daAuts
